 Dungeon Sprint DCSS version 0.23.2-1-ga50397a (webtiles) character file.

Game seed: 14087753363954210376

49 wilfster70 the Skirmisher (level 3, -4/37 HPs)
             Began as a Minotaur Monk on May 30, 2019.
             Was a Believer of Cheibriados.
             Slain by a cyan ugly thing (17 damage)
             ... in the Dungeon (Sprint V: "Ziggurat Sprint").
             The game lasted 00:01:58 (130 turns).

wilfster70 the Skirmisher (Minotaur Monk)            Turns: 130, Time: 00:01:59

Health: -4/37      AC: 17    Str: 21    XL:     3   Next: 51%
Magic:  2/4        EV:  0    Int: 12    God:    Cheibriados [**....]
Gold:   0          SH: 18    Dex: 17    Spells: 2/2 levels left

rFire    + . .     SeeInvis .   a - +5 broad axe
rCold    + . .     Gourm    .   b - +3 large shield
rNeg     . . .     Faith    .   j - +5 gold dragon scales
rPois    +         Spirit   .   (helmet restricted)
rElec    .         Reflect  .   (no cloak)
rCorr    .         Harm     .   (no gloves)
MR       .....     NoTele   +   (no boots)
Stlth    ..........             (no amulet)
HPRegen  0.12/turn              (no ring)
MPRegen  0.09/turn              (no ring)

@: very slow
A: retaliatory headbutt, horns 2
a: Bend Time, Renounce Religion


You were in the Dungeon.
You worshipped Cheibriados.
Cheibriados was pleased with you.
You were not hungry.

You visited 1 branch

Inventory:

Hand Weapons
 a - a +5 broad axe (weapon)
Armour
 b - a +3 large shield (worn)
 j - +5 gold dragon scales (worn)
Wands
 u - a wand of disintegration (7)
 v - a wand of iceblast (7)
 w - a wand of acid (7)
Scrolls
 f - 4 scrolls of amnesia
 h - 7 scrolls of fog
 i - 4 scrolls of blinking
 k - a scroll of holy word
 l - 5 scrolls of identify
 m - 5 scrolls of remove curse
 n - 2 scrolls of fear
Potions
 d - 10 potions of curing
 e - 6 potions of heal wounds
 g - 7 potions of magic
 o - 2 potions of brilliance
 p - 2 potions of invisibility
 q - 4 potions of resistance
 s - 5 potions of agility
 t - 5 potions of might
Comestibles
 c - 7 rations


   Skills:
 + Level 5.7 Fighting
 + Level 5.5 Axes
 + Level 5.1 Dodging
 - Level 1.5 Stealth
 + Level 4.1 Shields
 + Level 3.3 Invocations
 + Level 3.0 Evocations


You had 2 spell levels left.
You didn't know any spells.
Your spell library was empty.

Dungeon Overview and Level Annotations

Branches:
Dungeon (1/1)

Altars:
Ashenzari
Cheibriados
Dithmenos
Elyvilon
Fedhas
Gozag
Hepliaklqana
Kikubaaqudgha
Makhleb
Nemelex Xobeh
Okawaru
Qazlal
Ru
Sif Muna
Trog
Uskayaw
Vehumet
Wu Jian
Xom
Yredelemnul
Zin
The Shining One
Beogh
Jiyva
Lugonu

Annotations:
D 1 transporter


Innate Abilities, Weirdness & Mutations

You reflexively headbutt those who attack you in melee.
You have a pair of horns on your head.


Message History

The purple ugly thing basks in the mutagenic energy from its kin and changes!
You block the purple ugly thing's attack.
The cyan ugly thing gores you! The cyan ugly thing shocks you!
* * * LOW HITPOINT WARNING * * *
You feel much better.
The purple ugly thing basks in the mutagenic energy from its kin and changes!
You hit the cyan ugly thing.
Your headbutt misses the cyan ugly thing.
The cyan ugly thing is heavily wounded.
You slash the cyan ugly thing! x2
The cyan ugly thing is no longer moving slowly.
You block the cyan ugly thing's attack. x2
You slash the cyan ugly thing! You headbutt the cyan ugly thing.
The cyan ugly thing is severely wounded.
You slash the cyan ugly thing!
You hit the cyan ugly thing but do no damage.
You block the cyan ugly thing's attack.
The cyan ugly thing headbutts you but does no damage.
The cyan ugly thing gores you! The cyan ugly thing shocks you!
You die...

▓▓▓▓▓▓▓▓▓▓▓▓▓
▓.8©8.▓.8©8.▓
▓.})|.▓.....▓
▓.....▓.).[.▓
▓.....▓.....▓
▓.uuu.▓.....▓
▓..@..▓..©..▓
▓..©..▓▓▓▓▓▓▓
▓▓▓▓▓▓▓


You could see 3 ugly things.

Vanquished Creatures
  A crimson imp (D)
  An ufetubus (D)
2 creatures vanquished.

Vanquished Creatures (others)
  A spatial maelstrom (D)
1 creature vanquished.

Grand Total: 3 creatures vanquished

Notes
Turn   | Place    | Note
-------+----------+-------------------------------------------
     0 | D        | Found the +6 Majin-Bo {vamp, Archmagi MP+6 Int+6}
     0 | D        | Found the +7 great mace "Firestarter" {inner flame, rF++}
     0 | D        | wilfster70 the Minotaur Monk began the quest for the Orb.
     0 | D        | Reached XP level 1. HP: 19/19 MP: 0/0
     6 | D        | Banished a spatial maelstrom
    14 | D        | Found a blossoming altar of Fedhas.
    21 | D        | Found a viscous altar of Jiyva.
    21 | D        | Found a hazy altar of Hepliaklqana.
    21 | D        | Found a transporter.
    21 | D        | Found an opulent altar of Gozag.
    21 | D        | Found an ancient bone altar of Kikubaaqudgha.
    21 | D        | Found a corrupted altar of Lugonu.
    28 | D        | Became a worshipper of Cheibriados the Contemplative
    28 | D        | Reached * piety under Cheibriados
    28 | D        | Reached ** piety under Cheibriados
    34 | D        | Found a burning altar of Makhleb.
    35 | D        | Found a sacrificial altar of Ru.
    35 | D        | Found a deep blue altar of Sif Muna.
    35 | D        | Found a stormy altar of Qazlal.
    35 | D        | Found a bloodstained altar of Trog.
    35 | D        | Found an iron altar of Okawaru.
    35 | D        | Found a sparkling altar of Nemelex Xobeh.
    64 | D        | Reached skill level 5 in Fighting
    64 | D        | Reached skill level 5 in Axes
    64 | D        | Reached XP level 2. HP: 29/29 MP: 0/3
   104 | D        | Entered arena 2.
   104 | D        | Noticed a crimson imp
   104 | D        | Found a transporter.
   110 | D        | Killed a crimson imp
   110 | D        | Reached skill level 5 in Dodging
   110 | D        | Reached XP level 3. HP: 37/37 MP: 4/4
   116 | D        | Entered arena 3.
   116 | D        | Noticed a cyan ugly thing
   116 | D        | Noticed a red ugly thing
   116 | D        | Noticed a red ugly thing
   116 | D        | Found a transporter.
   130 | D        | Slain by a cyan ugly thing

Skill      XL: |  1  2 |
---------------+-------+-----
Fighting       | 5 |  5.7
Axes           | 5 |  5.5
Dodging        | 4 5 |  5.1
Shields        | 3 4 |  4.1
Invocations    | 2 3 |  3.3
Evocations     | 2 3 |  3.0
Stealth        | |  1.5

Action                   || total
-------------------------++-------
Melee: Broad axe         ||    13
       Headbutt          ||     3
Invok: Bend Time         ||     1
  Use: Potion            ||     5
Armor: Gold dragon scale ||    14
Block: Large shield      ||    21
